 Dungeon Crawl Stone Soup version 0.19.0-19-g8c6edcc (webtiles) character file.

10689 Galewin the Severer (level 11, -8/88 (89) HPs)
             Began as a Minotaur Berserker on Nov 15, 2016.
             Was an Elder of Trog.
             Mangled by a red ugly thing (17 damage)
             ... on level 12 of the Dungeon.
             The game lasted 00:25:39 (8429 turns).

Galewin the Severer (Minotaur Berserker)            Turns: 8429, Time: 00:25:39

HP:   -8/88 (89)    AC: 16    Str: 24    XL:     11   Next: 39%
MP:   3/3           EV:  9    Int:  4    God:    Trog [****..]
Gold: 595           SH:  0    Dex: 11    Spells: 0 memorised, 10 levels left

rFire  . . .     SeeInvis .     G - +2 battleaxe (antimagic)
rCold  + . .     Gourm    +     m - +0 plate armour
rNeg   . . .     Faith    .     (shield currently unavailable)
rPois  .         Spirit   .     (helmet restricted)
rElec  .         Reflect  .     (no cloak)
rCorr  .         Harm     .     (no gloves)
MR     .....                    (no boots)
Stlth  ..........               D - amulet of Day {Gourm +Inv}
                                o - +4 ring of protection
                                r - ring of protection from cold

@: exhausted, slowed, very slow
A: retaliatory headbutt, horns 2
a: Berserk, Trog's Hand, Brothers in Arms, Burn Spellbooks, Renounce Religion,
Evoke Invisibility


You were on level 12 of the Dungeon.
You worshipped Trog.
Trog was greatly pleased with you.
You were full.

You visited 2 branches of the dungeon, and saw 13 of its levels.
You also visited: Sewer.

You collected 595 gold pieces.

Inventory:

Hand Weapons
 G - a +2 antimagic battleaxe (weapon)
Armour
 m - a +0 plate armour (worn)
 y - +0 ice dragon scales
Jewellery
 o - a +4 ring of protection (right hand)
 r - a ring of protection from cold (left hand)
 D - the amulet of Day (around neck) {Gourm +Inv}
   (You found it on level 6 of the Dungeon)

   [amulet of the gourmand]

   It allows you to eat raw meat even when not hungry.
   It lets you turn invisible.
Wands
 n - a wand of polymorph (9/24)
 u - a wand of flame (22/48)
 w - a wand of confusion (30/48)
Scrolls
 e - 2 scrolls of fear
 i - 2 scrolls of teleportation
 l - 2 scrolls of noise {unknown}
 q - 6 scrolls of identify
 x - 5 scrolls of remove curse
 z - 4 scrolls of blinking
 I - 5 scrolls of recharging {unknown}
 M - a scroll of enchant armour
 N - a scroll of holy word {unknown}
 O - 3 scrolls of enchant weapon {unknown}
Potions
 a - a potion of invisibility {unknown}
 b - 4 potions of degeneration {unknown}
 d - 7 potions of curing
 f - 4 potions of berserk rage {unknown}
 g - 3 potions of beneficial mutation {unknown}
 h - a potion of ambrosia {unknown}
 j - 5 potions of heal wounds
 k - 3 potions of resistance {unknown}
 t - 2 potions of haste {unknown}
 v - a potion of agility {unknown}
 A - 3 potions of brilliance {unknown}
 B - a potion of magic {unknown}
 C - a potion of might {unknown}
 H - a potion of flight {unknown}
 J - a potion of lignification {unknown}
Books
 L - a book of Debilitation

   Spells                             Type                      Level
   a - Corona                         Hexes                        1
   b - Slow                           Hexes                        2
   c - Gell's Gravitas                Hexes/Translocation          3
   d - Inner Flame                    Hexes/Fire                   3
   e - Cause Fear                     Hexes                        4
   f - Leda's Liquefaction            Hexes/Earth                  4
   Trog disapproves of the use of such an item.
Comestibles
 c - 6 bread rations
 p - 14 fruits
 s - 3 beef jerkies
 E - 6 meat rations
 F - 7 slices of pizza
 K - a royal jelly


   Skills:
 + Level 5.8 Fighting
 * Level 18.6 Axes
 + Level 4.7 Armour
 + Level 5.0 Dodging


You had 10 spell levels left.
You didn't know any spells.

Dungeon Overview and Level Annotations

Branches:
Dungeon (12/15)            Temple (0/1) D:7            Lair (1/6) D:11
    Orc (0/2) D:9

Altars:
Fedhas
Gozag
Okawaru
Ru
Sif Muna
Trog
Xom
Beogh

Shops:
D:9 !

Annotations:
D:2 1 runed door
D:4 Prince Ribbit


Innate Abilities, Weirdness & Mutations

You reflexively headbutt those who attack you in melee.
You have a pair of horns on your head.


Message History

You feel your anger subside.
You are no longer berserk.
You are exhausted.
You feel yourself slow down.
You open the door. The red ugly thing engulfs you.
You are engulfed in flames!!
You fail to use your ability.
The red ugly thing engulfs you.
You are engulfed in flames!
You fail to use your ability.
The red ugly thing engulfs you!
* * * LOW HITPOINT WARNING * * *
You are engulfed in flames!
* * * LOW HITPOINT WARNING * * *
The red ugly thing engulfs you but does no damage.
Your ogre goes berserk!
You feel quite a bit less full. The red ugly thing closely misses you.
You furiously retaliate!
You headbutt the red ugly thing, but do no damage.
The red ugly thing engulfs you.
* * * LOW HITPOINT WARNING * * *
You are engulfed in flames!
You die...

#....# ####+#
#....# ......
#....#####......
#...............
#...........u..
#.....)........
#.........#######
#.......u.'......
#.......@O#......
#.........# .....
#.........# ...#
#.....##### ..#
#..... ## #####.


You could see a red ugly thing and a friendly ogre (berserk).

Vanquished Creatures
  Gastronok (D:8)
  Pikel (D:8)
  An ugly thing (D:12)
  A troll (D:9)
  Grinder (D:5)
  A two-headed ogre (D:12)
  5 hippogriffs
  A dream sheep (D:10)
  7 yaks (D:10)
  A hungry ghost (D:3)
  Menkaure (D:5)
  3 water moccasins
  3 wargs (D:11)
  2 orc warriors
  An ice beast (D:10)
  A black bear (D:7)
  An eye of draining (D:11)
  A hornet zombie (D:6)
  A sky beast (D:11)
  A slave (D:8)
  A necrophage (D:11)
  A phantom (D:7)
  5 centaurs
  2 ogres (D:8)
  5 big kobolds
  A bullfrog (D:9)
  A wyvern zombie (D:10)
  2 scorpions (D:7)
  A water moccasin skeleton (D:9)
  3 killer bees (D:11)
  3 howler monkeys
  6 crimson imps
  3 quasits
  5 hounds
  10 orc priests
  A gnoll shaman (D:4)
  2 bullfrog skeletons
  A jelly (D:7)
  Jessica (D:2)
  5 centaur skeletons
  Terence (D:2)
  9 orc wizards
  7 worker ants
  A hound zombie (D:5)
  7 adders
  A shadow imp (D:7)
  An ooze (D:3)
  2 adder skeletons
  An adder zombie (D:9)
  5 worms
  3 leopard geckos (D:4)
  37 orcs
  8 giant cockroaches
  8 goblins (D:1)
  8 hobgoblins
  7 jackals
  4 quokkas
  4 ball pythons (Sewer)
  8 bats
  5 frilled lizards
  21 kobolds
  2 leopard gecko zombies
  A quokka skeleton (D:4)
  10 rats
255 creatures vanquished.

Vanquished Creatures (collateral kills)
  A hydra (D:10)
  A dream sheep (D:10)
  A yak (D:10)
3 creatures vanquished.

Vanquished Creatures (others)
  A slave (D:8)
  A worker ant (D:8)
  2 plants (D:10)
4 creatures vanquished.

Grand Total: 262 creatures vanquished

Notes
Turn   | Place    | Note
-------+----------+-------------------------------------------
     0 | D:1      | Galewin the Minotaur Berserker began the quest for the Orb.
     0 | D:1      | Reached XP level 1. HP: 19/19 MP: 0/0
    56 | D:1      | Reached skill level 4 in Axes
    93 | D:1      | Reached XP level 2. HP: 20/26 MP: 1/1
   448 | D:1      | Reached skill level 5 in Axes
   586 | D:2      | Reached ** piety under Trog
   586 | D:2      | Reached XP level 3. HP: 27/31 MP: 2/2
   879 | D:2      | Noticed Terence
   885 | D:2      | Killed Terence
   885 | D:2      | Reached XP level 4. HP: 39/39 MP: 3/3
  1021 | D:2      | Noticed Jessica
  1027 | D:2      | Killed Jessica
  1027 | D:2      | Reached skill level 6 in Axes
  1068 | D:2      | Found a runed door.
  1435 | D:3      | Noticed a hungry ghost
  1460 | D:3      | Killed a hungry ghost
  1460 | D:3      | Reached skill level 7 in Axes
  1460 | D:3      | Reached XP level 5. HP: 45/45 MP: 4/4
  1470 | D:3      | Reached skill level 8 in Axes
  1930 | D:4      | Reached XP level 6. HP: 48/51 MP: 5/5
  2284 | D:4      | Reached *** piety under Trog
  2302 | D:4      | Found a glowing drain.
  2320 | Sewer    | Entered a sewer
  3006 | D:4      | Reached skill level 9 in Axes
  3147 | D:5      | Entered Level 5 of the Dungeon
  3147 | D:5      | Noticed Prince Ribbit
  3308 | D:5      | Noticed Menkaure
  3312 | D:5      | Killed Menkaure
  3312 | D:5      | Reached XP level 7. HP: 57/57 MP: 6/6
  3524 | D:5      | Reached skill level 10 in Axes
  3689 | D:5      | Reached **** piety under Trog
  3693 | D:5      | Noticed Grinder
  3701 | D:5      | Killed Grinder
  3701 | D:5      | Reached skill level 11 in Axes
  3965 | D:6      | Reached XP level 8. HP: 64/64 MP: 7/7
  4028 | D:6      | Found an iron altar of Okawaru.
  4125 | D:6      | Got a shimmering silver amulet
  4350 | D:6      | Reached skill level 12 in Axes
  4592 | D:7      | Noticed a hippogriff
  4602 | D:7      | Killed a hippogriff
  4602 | D:7      | Reached skill level 13 in Axes
  4789 | D:7      | Reached XP level 9. HP: 64/70 MP: 8/8
  4819 | D:7      | Reached skill level 14 in Axes
  5041 | D:7      | Found a staircase to the Ecumenical Temple.
  5109 | D:8      | Found a deep blue altar of Sif Muna.
  5116 | D:8      | Found a sacrificial altar of Ru.
  5116 | D:8      | Found a bloodstained altar of Trog.
  5120 | D:8      | Identified the amulet of Day {Gourm +Inv} (You found it on level 6 of the Dungeon)
  5125 | D:8      | Found a shimmering altar of Xom.
  5170 | D:8      | Found a blossoming altar of Fedhas.
  5214 | D:8      | Reached ***** piety under Trog
  5362 | D:8      | Reached skill level 15 in Axes
  5406 | D:8      | Noticed Pikel
  5420 | D:8      | Killed Pikel
  5481 | D:8      | Reached skill level 16 in Axes
  5525 | D:8      | Noticed Gastronok
  5542 | D:8      | Killed Gastronok
  5542 | D:8      | Reached skill level 17 in Axes
  5542 | D:8      | Reached XP level 10. HP: 19/77 MP: 9/9
  6015 | D:8      | Found an opulent altar of Gozag.
  6104 | D:9      | Found a staircase to the Orcish Mines.
  6212 | D:9      | Found a roughly hewn altar of Beogh.
  6217 | D:9      | Received a gift from Trog
  6569 | D:9      | Found Vieprox's Distillery.
  6749 | D:10     | Entered Level 10 of the Dungeon
  6753 | D:10     | Reached skill level 18 in Axes
  6800 | D:10     | Found a shimmering altar of Xom.
  6800 | D:10     | Found a shimmering altar of Xom.
  6811 | D:10     | Found a shimmering altar of Xom.
  6813 | D:10     | Found a shimmering altar of Xom.
  6863 | D:10     | Reached XP level 11. HP: 85/85 MP: 3/10
  7254 | D:10     | Noticed a three-headed hydra
  7259 | D:10     | Killed a three-headed hydra
  7259 | D:10     | Reached skill level 5 in Fighting
  7777 | D:11     | Found a staircase to the Lair.
  8347 | Lair:1   | Entered Level 1 of the Lair of Beasts
  8383 | D:12     | Noticed a brown ugly thing
  8392 | D:12     | Killed a brown ugly thing
  8419 | D:12     | Reached skill level 5 in Dodging
  8421 | D:12     | Noticed a red ugly thing
  8429 | D:12     | Mangled by a red ugly thing

Skill      XL: |  1  2  3  4  5  6  7  8  9 10 11 |
---------------+----------------------------------+-----
Axes           | 4 5 7 8 9 11 13 17 18 | 18.6
Fighting       | 4 5 |  5.8
Armour         | 3 4 |  4.7
Dodging        | 3 5 |  5.0

Action                   |  1- 3 |  4- 6 |  7- 9 | 10-12 || total
-------------------------+-------+-------+-------+-------++-------
Melee: Hand axe          |    58 |       |       |       ||    58
       Headbutt          |    10 |    14 |    59 |    38 ||   121
       War axe           |    13 |   144 |   238 |    24 ||   419
       Battleaxe         |       |       |       |   150 ||   150
Invok: Berserk           |     2 |     4 |     5 |     5 ||    16
       Trog's Hand       |       |     1 |       |       ||     1
       Brothers in Arms  |       |       |       |     3 ||     3
  Use: Scroll            |     4 |     2 |    14 |     2 ||    22
  Eat: Chunk             |     1 |    14 |    11 |    19 ||    45
       Meat ration       |       |     1 |       |       ||     1
       Fruit             |       |       |     1 |       ||     1
Armor: Animal skin       |    25 |       |       |       ||    25
       Scale mail        |       |    69 |    96 |     8 ||   173
       Plate armour      |       |       |       |    92 ||    92
Dodge: Dodged            |    53 |    76 |   101 |    74 ||   304
